AoeStats
← dean03110206

QS Arena

503091447Analyzed
4v4 RM · 1mo ago on Aug 30, 2026· 21m 54s· 8 players
Game mode
Random Map
Map size
Large (8 player)
Population
200
Speed
Normal
Resources
Standard
Victory
Conquest
Starting age
Dark Age
Ending age
Imperial Age
RankedLock teamsTeams togetherTeam positionsShared explorationLock speedFull tech treeHidden civsTurbo modeCheats
Victory
Defeat
🇨🇴 Teutons · Colombia
1074
+13
🇷🇺 Japanese · Russia
1067
+14
🇪🇪 Ethiopians · Estonia
1016
+16
🇹🇼 Franks · Taiwan
939
+19
🇨🇳 Dravidians · China
1041
-17
🇹🇼 Franks · Taiwan
1027
-16
🇨🇳 Turks · China
1016
-16
🇮🇳 Mongols · India
969
-13
sinister is maveric
3:09 Loom
dean03110206
0:27 Loom
xiaochenmalatang2
0:54 Loom
9:18 Feudal Age
9:50 Double-Bit Axe
9:50 Horse Collar
14:26 Scale Mail Armor
16:36 Castle Age
15:38 Fletching
15:49 Padded Archer Armor
16:40 Stone Mining
16:41 Gold Mining
17:00 Crossbowman
18:25 Bow Saw
18:49 Thumb Ring
19:04 Leather Archer Armor
20:39 Wheelbarrow
21:46 Fortified Wall
oe409454
六六六
3:49 Loom
11:05 Feudal Age
12:51 Horse Collar
12:56 Double-Bit Axe
16:27 Castle Age
21:41 Loom
22:32 Wheelbarrow
21:42 Town Watch
22:27 Fervor
BloK
10:01 Feudal Age
14:55 Castle Age
12:49 Double-Bit Axe
13:31 Horse Collar
16:56 Loom
17:47 Wheelbarrow
Duma
9:20 Feudal Age
9:14 Loom
14:00 Castle Age
14:58 Double-Bit Axe
16:20 Bow Saw
FirstToQuitIsGaaaay
9:25 Feudal Age
8:09 Loom
13:29 Castle Age
12:37 Double-Bit Axe
12:33 Horse Collar
14:36 Heavy Plow
14:50 Bow Saw
15:27 Wheelbarrow
17:43 Hand Cart
19:14 Squires
19:44 Arson
20:48 Scale Mail Armor
22:02 Forging
Connection lost

Rejoining the realm…

Still unreachable

The connection could not be restored.

Session expired

The server has moved on; the page needs a fresh start.